 Dungeon Crawl Stone Soup version 0.25.0-10-g039870ee82 (webtiles) character file.

Game seed: 16017848967717087746

88 Loddfafnir the Chopper (level 4, -1/41 HPs)
             Began as a Minotaur Berserker on June 22, 2020.
             Was a Believer of Trog.
             Slain by a gnoll
             ... wielding a +0 halberd
              (11 damage)
             ... on level 2 of the Dungeon.
             The game lasted 00:09:12 (1208 turns).

Loddfafnir the Chopper (Minotaur Berserker)         Turns: 1208, Time: 00:09:12

Health: -1/41      AC:  7    Str: 22    XL:     4   Next: 29%
Magic:  3/3        EV: 10    Int:  4    God:    Trog [**....]
Gold:   65         SH:  0    Dex: 10    Spells: 3/3 levels left

rFire    . . .     SeeInvis .   a - +0 hand axe
rCold    . . .     Gourm    .   (no shield)
rNeg     . . .     Faith    .   i - +0 scale mail
rPois    .         Spirit   .   (helmet restricted)
rElec    .         Reflect  .   (no cloak)
rCorr    .         Harm     .   f - +0 pair of gloves
MR       .....                  (no boots)
Stlth    ..........             (no amulet)
HPRegen  0.13/turn              (no ring)
MPRegen  0.08/turn              (no ring)

@: berserk cooldown, slowed, very slow
A: retaliatory headbutt, horns 2
a: Berserk, Trog's Hand, Renounce Religion


You were on level 2 of the Dungeon.
You worshipped Trog.
Trog was pleased with you.
You were hungry.

You visited 1 branch of the dungeon, and saw 2 of its levels.

You collected 65 gold pieces.

Inventory:

Hand Weapons
 a - a +0 hand axe (weapon)
Armour
 b - a +0 animal skin
 f - a +0 pair of gloves (worn)
   (You found it on level 1 of the Dungeon)
 i - a +0 scale mail (worn)
   (You found it on level 2 of the Dungeon)
Wands
 d - a wand of iceblast (10)
   (You found it on level 2 of the Dungeon)
Scrolls
 e - 2 scrolls of teleportation {unknown}
 g - a scroll of remove curse {unknown}
 l - 2 scrolls of identify {unknown}
Potions
 h - 2 potions of stabbing {unknown}
 j - 2 potions of heal wounds {unknown}
 k - a potion of might {unknown}
Comestibles
 c - a ration {!d}
 m - 10 chunks of flesh


   Skills:
 + Level 4.3 Fighting
 + Level 5.2 Axes
 + Level 3.0 Armour
 + Level 2.5 Dodging


You had 3 spell levels left.
You didn't know any spells.
Your spell library was empty.

Dungeon Overview and Level Annotations

Branches:
Dungeon (2/15)

Altars:


Innate Abilities, Weirdness & Mutations

You reflexively headbutt those who attack you in melee.
You have a pair of horns on your head.


Message History

Your Armour skill increases to level 3!
d - a wand of iceblast (10);
m - 9 chunks of flesh You butcher the hobgoblin corpse.
m - 13 chunks of flesh (gained 4)
Things that are here:
a +0 club; a hobgoblin skeleton
Things that are here:
a +0 club; a hobgoblin skeleton A rat comes into view.
A gnoll comes into view. It is wielding a +0 spear.
The gnoll shouts!
You hear a shout!
A gnoll comes into view. It is wielding a +0 halberd.
You see here a rat skeleton.
You slash the rat!
You kill the rat!
Trog accepts your kill. The gnoll closely misses you.
Some of the chunks of flesh in your inventory have rotted away.
A gnoll comes into view.
The gnoll shouts!
A gnoll comes into view. It is wielding a +0 spear.
The gnoll hits you from afar with a +0 spear.
The gnoll moves out of view.
A red film seems to cover your vision as you go berserk!
You feel yourself moving faster!
You feel mighty!
You are feeling hungry.
The gnoll shouts!
The gnoll hits you with a +0 halberd.
The gnoll hits you from afar with a +0 spear!
You closely miss the gnoll. The gnoll barely misses you.
You barely miss the gnoll.
The gnoll hits you from afar with a +0 spear.
You barely miss the gnoll. The gnoll hits you with a +0 halberd.
The gnoll misses you.
You barely miss the gnoll. Your headbutt misses the gnoll.
You barely miss the gnoll. Your headbutt misses the gnoll.
The gnoll hits you from afar with a +0 spear.
The gnoll barely misses you.
You feel a strong urge to attack something.
You feel your anger nearly subside.
You are no longer berserk.
You are exhausted.
You feel yourself slow down. The gnoll closely misses you.
The gnoll hits you with a +0 halberd!
* * * LOW HITPOINT WARNING * * *
You are too injured to fight recklessly!
You closely miss the gnoll.
The gnoll hits you from afar with a +0 spear.
* * * LOW HITPOINT WARNING * * *
The gnoll hits you with a +0 halberd!
You die...

##. #.# #...########
.# #.######..#### #.#
##............# #.#
#...##.....#...#
#.##..#.##.#####...#
#
#.##.##....#####...#
..#
##.......####.......#
.... ..#.#
#.##...###...#
.....##...###g@..###
#...#
#......#....####
#...# ...####....##g#
#...# #...(..##g#
##.## ......##.#>.#g#
.. ##.#####.##.#รท##
#.
#...[..(##....#####
####...(####......#
#..##.# #..)...#


You could see 4 gnolls.

Vanquished Creatures
  A gnoll (D:1)
  3 adders (D:2)
  A worm (D:2)
  3 dart slugs
  A leopard gecko (D:1)
  A ball python (D:2)
  2 bats
  3 giant cockroaches
  6 goblins (D:1)
  6 hobgoblins
  5 kobolds
  A quokka (D:2)
  4 frilled lizards
  5 rats
42 creatures vanquished.

Notes
Turn   | Place    | Note
-------+----------+-------------------------------------------
     0 | D:1      | Loddfafnir the Minotaur Berserker began the quest for the
                  | Orb.
     0 | D:1      | Reached XP level 1. HP: 19/19 MP: 0/0
   131 | D:1      | Reached skill level 4 in Axes
   131 | D:1      | Reached XP level 2. HP: 25/27 MP: 1/1
   544 | D:1      | Reached XP level 3. HP: 33/33 MP: 2/2
   890 | D:2      | Reached ** piety under Trog
   937 | D:2      | Reached skill level 5 in Axes
   966 | D:2      | Reached XP level 4. HP: 38/40 MP: 3/3
  1208 | D:2      | Slain by a gnoll

Illustrated notes

Levels and vault maps discovered:
D:1:      mushboom_english_gardens, layout_loops_ring
D:2:      layout_rooms

Skill      XL: |  1  2  3  4 |
---------------+-------------+-----
Fighting       | 4 |  4.3
Axes           | 4 5 |  5.2
Armour         | 3 |  3.0
Dodging        | |  2.5

Action                   |  1- 3 |  4- 6 || total
-------------------------+-------+-------++-------
Melee: Hand axe          |    56 |    34 ||    90
       Headbutt          |    15 |     5 ||    20
Invok: Berserk           |     1 |     1 ||     2
  Eat: Chunk             |     1 |     1 ||     2
Armor: Animal skin       |     5 |       ||     5
       Scale mail        |       |    10 ||    10
       Skin              |       |     2 ||     2
Dodge: Dodged            |    28 |    21 ||    49
